[Event "Early-Titled-Tuesday-Blitz-May-28-2024"]
[Site "Chess.com"]
[Date "2024.05.28"]
[Round "5"]
[White "Veleamater"]
[Black "Kostya0705"]
[Result "0-1"]
[WhiteElo "2433"]
[BlackElo "2591"]
[TimeControl "180+1"]
[EndTime "8:55:26 PDT"]
[Termination "Kostya0705 won by resignation"]

1. g3 Nf6 2. Bg2 e6 3. d3 Be7 4.
Nc3 O-O 5. e4 d5 6. e5 Nfd7 7.
Nf3 c5 8. h4 Nc6 9. Bf4 h6 10.
O-O a6 11. a4 Rb8 12. Re1 b5 13. axb5 axb5 14. Kh2 b4 15. Ne2 Qc7 16. Neg1 Bb7 17. g4 d4 18. b3 Nb6 19. Qd2 Nd5 20. Bg3 Ra8 21. g5 hxg5 22. hxg5 Rxa1 23. Rxa1 Ra8 24. Rxa8+ Bxa8 25. g6 fxg6 26. Nh3 Nd8 27. Nf4 Nxf4 28. Qxf4 Nf7 29. Bh3 g5 30. Qg4 Qc6 31. Bg2 Nh6 32. Qh5 Bb7 33. Ne1 Qd7 34. Bxb7 Qxb7 35. Qe8+ Kh7 36. Kh3 Qh1+ 37. Bh2 g4+ 38. Kg3 Qxe1 39. Qh5 Qe2 40. Kg2 Qf3+ 41. Kg1 Qf5 42. Qe8 Bh4 43. Bg3 Bxg3 44. fxg3 Qxe5 0-1

[Event "Early-Titled-Tuesday-Blitz-May-28-2024"]
[Site "Chess.com"]
[Date "2024.05.28"]
[Round "5"]
[White "Nf3c5"]
[Black "Nechitaylo_Nikita"]
[Result "1-0"]
[WhiteElo "2559"]
[BlackElo "2332"]
[TimeControl "180+1"]
[EndTime "8:55:26 PDT"]
[Termination "Nf3c5 won by checkmate"]

1. e4 c5 2. Nc3 Nc6 3. Bb5 Nd4 4.
Nf3 Nxb5 5. Nxb5 d6 6. d4 cxd4 7. Qxd4 Bd7 8. a4 Nf6 9. Bg5 a6 10. Nc3 e6 11. e5 dxe5 12. Nxe5 Be7 13. Rd1 Bc6 14. Nxc6 bxc6 15. Qc4 Qc7 16. O-O O-O 17. Rd3 Rab8 18. Rh3 Qe5 19. Qh4 h6 20. Bxh6 gxh6 21. Qxh6 Rb4 22. Qh8# 1-0

[Event "Early-Titled-Tuesday-Blitz-May-28-2024"]
[Site "Chess.com"]
[Date "2024.05.28"]
[Round "5"]
[White "frankshar"]
[Black "gpsji27"]
[Result "1-0"]
[WhiteElo "2500"]
[BlackElo "2302"]
[TimeControl "180+1"]
[EndTime "8:55:26 PDT"]
[Termination "frankshar won by resignation"]

1. d4 d5 2. c4 e6 3. Nf3 Nf6 4. g3 Be7 5. Bg2 O-O 6. O-O dxc4 7. Qc2 a6 8. a4 Bd7 9. Qxc4 Bc6 10. Bg5 Bd5 11. Qc2 Be4 12. Qc1 Nc6 13. Bxf6 Bxf6 14. e3 Nb4 15. Nc3 Bc6 16. Rd1 Qe7 17. e4 g6 18. h4 Rfd8 19. h5 Bg7 20. h6 Bf8 21. Ne5 f6 22. Nxc6 Nxc6 23. d5 Ne5 24. Bh3 Nf3+ 25. Kg2 Ng5 26. Bxe6+ Nxe6 27. dxe6 Qxe6 28. Qe3 g5 29. Nd5 Qf7 30. Qc3 Rxd5 31. Rxd5 Bxh6 32. Rad1 Qe6 33. Rd8+ Rxd8 34. Rxd8+ Bf8 35. Qc5 Qxe4+ 36. Kh2 1-0

[Event "Early-Titled-Tuesday-Blitz-May-28-2024"]
[Site "Chess.com"]
[Date "2024.05.28"]
[Round "5"]
[White "urano56"]
[Black "ChempionBg"]
[Result "1-0"]
[WhiteElo "2421"]
[BlackElo "2252"]
[TimeControl "180+1"]
[EndTime "8:55:27 PDT"]
[Termination "urano56 won on time"]

1. e4 c5 2. Nf3 d6 3. d4 cxd4 4. Nxd4 Nf6 5. Nc3 a6 6. Rg1 g6 7.
g4 Bg7 8. g5 Nfd7 9. Be3 O-O 10. h4 Nc6 11. h5 Nxd4 12. Bxd4 Bxd4 13. Qxd4 Ne5 14. Be2 Nc6 15. Qe3 Qa5 16. O-O-O Be6 17. Kb1 b5 18. f4 Rac8 19. f5 Nb4 20. fxe6 Rxc3 21. exf7+ Rxf7 22. Qxc3 Qxa2+ 23. Kc1 Qa4 24. Qc8+ Rf8 25. Qe6+ Kg7 26. Qb3 Qa5 27. h6+ Kh8 28. Rxd6 Na2+ 29. Kb1 exd6 30. Qxa2 Qd2 31. Qd5 Qe3 32.
Rd1 Rc8 33. Qxd6 Qxe2 34. Qf6+ 1-0

[Event "Early-Titled-Tuesday-Blitz-May-28-2024"]
[Site "Chess.com"]
[Date "2024.05.28"]
[Round "5"]
[White "Adar_07"]
[Black "ValeriyGrinev"]
[Result "1-0"]
[WhiteElo "2773"]
[BlackElo "2584"]
[TimeControl "180+1"]
[EndTime "8:55:29 PDT"]
[Termination "Adar_07 won by resignation"]

1. e4 c6 2. d4 d5 3. Nc3 dxe4 4.
Nxe4 Bf5 5. Ng3 Bg6 6. Nh3 e6 7. Nf4 Bd6 8. c3 Qc7 9. Nh3 Nf6 10. Ng5 Nbd7 11. Bc4 O-O-O 12. Be3 Nb6 13. Bb3 e5 14. dxe5 Bxe5 15. Qe2 Bd3 16. Qf3 Nc4 17. O-O-O Nxe3 18. fxe3 Bg6 19. Nxf7 Bxf7 20. Bxf7 Bxg3 21. Be6+ Kb8 22. hxg3 Rhe8 23. Rxd8+ Qxd8 24. Bf5 Qe7 25. g4 Qxe3+ 26.
Qxe3 Rxe3 27. g5 Ne4 28. Rxh7 Ng3 29. Bg4 Re7 30. g6 Ne4 31. Bd1 Nf6 32. Bb3 Re2 33. Rxg7 Rxg2 34. Bc2 Nd5 35. Be4 Ne3 36. Bxg2 1-0

[Event "Early-Titled-Tuesday-Blitz-May-28-2024"]
[Site "Chess.com"]
[Date "2024.05.28"]
[Round "5"]
[White "penguingm1"]
[Black "Alphafischer2019"]
[Result "0-1"]
[WhiteElo "2954"]
[BlackElo "2697"]
[TimeControl "180+1"]
[EndTime "8:55:31 PDT"]
[Termination "Alphafischer2019 won by resignation"]

1. d4 Nf6 2. c4 b6 3. f3 Nc6 4.
d5 Ne5 5. g4 h6 6. f4 Ng6 7. h3 e6 8. Nc3 Bd6 9. e3 O-O 10. h4 Re8 11. h5 Nf8 12. Bg2 Bb7 13.
Kf2 exd5 14. cxd5 Bb4 15. Bf3 c6 16. g5 Bxc3 17. bxc3 hxg5 18. fxg5 Ne4+ 19. Bxe4 Rxe4 20. Nh3 cxd5 21. Rg1 Ne6 22. Bd2 d4 23. cxd4 Rh4 24. Kg3 Rxh3+ 25. Kxh3 Nxg5+ 26. Kg4 Nf3 27. Kf4 Qf6+ 28.
Kg3 Qh4+ 29. Kg2 Qh2+ 30. Kf1 Nxd2+ 0-1

[Event "Early-Titled-Tuesday-Blitz-May-28-2024"]
[Site "Chess.com"]
[Date "2024.05.28"]
[Round "5"]
[White "Budag-Leyla"]
[Black "guillembaches"]
[Result "1-0"]
[WhiteElo "2041"]
[BlackElo "2498"]
[TimeControl "180+1"]
[EndTime "8:55:32 PDT"]
[Termination "Budag-Leyla won on time"]

1. d4 Nf6 2. Nf3 e6 3. c4 Bb4+ 4. Nc3 Bxc3+ 5. bxc3 b6 6. Qc2 Bb7 7. g3 O-O 8. Bg2 d6 9. O-O Nbd7 10. Re1 Be4 11. Qd1 h6 12. h4 Qe7 13. Ba3 c5 14.
Rc1 Rac8 15. Qa4 Rc7 16. dxc5 Nxc5 17. Bxc5 Rxc5 18. Nd2 Bxg2 19. Kxg2 Rfc8 20. e4 Qd7 21. Qa3 Qb7 22. Kg1 Nd7 23. Nb3 Rxc4 24. Qxd6 Rxc3 25. Rxc3 Rxc3 26. Rd1 Nf6 27. e5 Nd5 28. Nd4 Qc7 29. Nxe6 fxe6 30. Qxe6+ Qf7 31. Qxd5 Qxd5 32. Rxd5 Ra3 33.
Rd2 Kf7 34. Kg2 Ke6 35. f4 b5 36. Kh3 h5 37. Rd6+ Ke7 38. Rg6 Rxa2 39. Rxg7+ Ke6 40. Rb7 a6 41. Rb6+ Ke7 42. f5 Rf2 43. f6+ Kf7 44.
Rxa6 b4 45. Rb6 Re2 46. Rxb4 Rxe5 47. Rf4 Re2 48. Rf3 Rd2 49. Rf5 Re2 50. Rxh5 Kxf6 51.
Ra5 Kg6 52. Ra6+ Kg7 53. Kg4 Re4+ 54. Kf5 Re1 55. Ra5 Rb1 56. Kg5 Rd1 57. g4 Kh7 58. Ra7+ Kg8 59. h5 Kh8 60. h6 Rd6 61. Kh5 Kg8 62.
g5 Kh8 63. Ra8+ Kh7 64. g6+ Rxg6 65. Ra7+ 1-0

[Event "Early-Titled-Tuesday-Blitz-May-28-2024"]
[Site "Chess.com"]
[Date "2024.05.28"]
[Round "5"]
[White "monomita"]
[Black "Grebnev_A"]
[Result "1-0"]
[WhiteElo "2742"]
[BlackElo "2549"]
[TimeControl "180+1"]
[EndTime "8:55:33 PDT"]
[Termination "monomita won by resignation"]

1. Nf3 c5 2. e3 Nf6 3. b3 g6 4. Bb2 Bg7 5. c4 O-O 6. Nc3 d5 7. Nxd5 Nxd5 8. Bxg7 Kxg7 9. cxd5 Qxd5 10. d4 cxd4 11.
Qxd4+ Qxd4 12. Nxd4 Bd7 13. Rc1 Nc6 14. Bb5 Nxd4 15. Bxd7 Rfd8 16. Rc7 Nc2+ 17. Kd2 Nb4 18.
Rxb7 Nxa2 19. Ra1 Nb4 20. Rxb4 Rxd7+ 21. Rd4 Rb7 22. Ra3 Rc8 23. Rc4 Rxc4 24. bxc4 Kf6 25. Kc3 Ke6 26. Kd4 Kd6 27. c5+ Kc7 28. Kd5 Kb8 29.
Ra2 h5 30. h3 h4 31. Ra4 Rb2 32. Rxh4 Rxf2 33. Kc6 Rf6+ 34. Kd7 a5 35. Ra4 Re6 36. Rxa5 Rxe3 37. Rb5+ Ka7 38. c6 f5 39. c7 Rd3+ 40. Kxe7 Rc3 41. Kd6 g5 42. Rb8 Rd3+ 43. Ke5 1-0

[Event "Early-Titled-Tuesday-Blitz-May-28-2024"]
[Site "Chess.com"]
[Date "2024.05.28"]
[Round "5"]
[White "KubaGepard"]
[Black "SilverCityIndigo"]
[Result "1-0"]
[WhiteElo "2577"]
[BlackElo "2430"]
[TimeControl "180+1"]
[EndTime "8:55:38 PDT"]
[Termination "KubaGepard won on time"]

1. d4 d5 2. c4 e6 3. Nc3 c6 4.
e4 dxe4 5. Nxe4 Bb4+ 6. Nc3 e5 7. Be3 exd4 8. Qxd4 Qxd4 9. Bxd4 f6 10. a3 Ba5 11.
O-O-O Ne7 12. Nf3 Bg4 13. Be2 Nd7 14. h3 Bh5 15. Rhe1 Bb6 16. Bxb6 axb6 17. Nd4 Bf7 18. f4 Kf8 19. Bg4 Nc5 20. Be6 Bxe6 21. Nxe6+ Nxe6 22. Rxe6 Kf7 23. Rde1 Rhe8 24. Kc2 Ng6 25. Rxe8 Rxe8 26. Rxe8 Kxe8 27. g3 Kd7 28. Na4 Kc7 29. Kd3 Ne7 30.
Ke4 b5 31. cxb5 cxb5 32. Nc3 Kc6 33. b4 g6 34. g4 Nc8 35. Kd4 Nd6 36. Nd5 f5 37. g5 Nc4 38. Nf6 Nxa3 39. Nxh7 Nc2+ 40. Kc3 Ne3 41. Nf8 Nd5+ 42. Kd4 Nxf4 43. h4 Kd6 44. Ke3 Ne6 45. Nxg6 Kd5 46. Nf4+ Ke5 47. Nxe6 Kxe6 48. Kf4 1-0

[Event "Early-Titled-Tuesday-Blitz-May-28-2024"]
[Site "Chess.com"]
[Date "2024.05.28"]
[Round "5"]
[White "Mesa_1"]
[Black "ZachHKL"]
[Result "1/2-1/2"]
[WhiteElo "2576"]
[BlackElo "2343"]
[TimeControl "180+1"]
[EndTime "8:55:40 PDT"]
[Termination "Game drawn by repetition"]

1. e4 c5 2. d4 cxd4 3. Qxd4 Nc6 4. Qd3 g6 5. Nc3 Bg7 6. Nf3 d6 7. Nd5 Nf6 8. c3 O-O 9. Be2 Bg4 10. h3 Bxf3 11. Qxf3 Ne5 12. Qe3 Rc8 13. Nxf6+ Bxf6 14. O-O Nc4 15. Qxa7 b5 16. Rd1 Ra8 17. Qb7 Rb8 18. Qd5 Qc7 19. Rb1 Rfc8 20. b3 Nb6 21. Qxb5 Qxc3 22.
Bb2 Qc7 23. Bxf6 exf6 24. Qd3 Rd8 25. Qd4 Qe7 26. a4 d5 27. Bf3 dxe4 28. Qxe4 Rxd1+ 29. Rxd1 Qa3 30. Qc2 Rc8 31. Qd3 Qb4 32. Qe3 Rc3 33. Qh6 Rc8 34. Qe3 Rc3 35. Qe8+ Kg7 36.
Rb1 Rxb3 37. Rxb3 Qxb3 38. Bc6 Qc3 39. Bb5 Qc1+ 40. Kh2 Qf4+ 41. Kg1 Qc1+ 42. Kh2 Qf4+ 43. Kg1 Qc1+ 1/2-1/2

[Event "Early-Titled-Tuesday-Blitz-May-28-2024"]
[Site "Chess.com"]
[Date "2024.05.28"]
[Round "5"]
[White "GAusal"]
[Black "Kielinkei"]
[Result "0-1"]
[WhiteElo "2184"]
[BlackElo "2463"]
[TimeControl "180+1"]
[EndTime "8:55:42 PDT"]
[Termination "Kielinkei won by resignation"]

1. d4 Nf6 2. Nf3 e6 3. Bg5 h6 4. Bxf6 Qxf6 5. e3 d5 6. c3 Bd6 7. Bd3 O-O 8. Nbd2 Nd7 9. e4 dxe4 10. Nxe4 Qe7 11. Nxd6 Qxd6 12. Qe2 Nf6 13. Ne5 c5 14.
O-O-O cxd4 15. Bc2 Qc7 16. Rxd4 b6 17. Rhd1 Bb7 18.
f3 Rfd8 19. Qd3 Rxd4 20. Qxd4 Rc8 21. g4 Qc5 22. Qxc5 bxc5 23. h4 Nd5 24. Be4 Ba8 25. h5 Ne3 26. Rd7 Bxe4 27. fxe4 a5 28. Kd2 Ng2 29. Rxf7 Rb8 30. b3 a4 31. Kc2 axb3+ 32.
axb3 Ne3+ 33. Kb2 Nxg4 34. Nd7 Kxf7 35. Nxb8 Nf6 36. Na6 Nxe4 37. Kc2 Kf6 38. Kd3 Ke5 39. b4 cxb4 40. cxb4 Nf6 41. b5 Kd6 42. Kd4 e5+ 43.
Kc4 Nxh5 44. Nb4 Nf6 45. b6 Nd7 46. Nd5 Kc6 47. Ne7+ Kxb6 48. Nf5 g6 49. Nxh6 Kc6 50. Ng4 Kd6 51. Kd3 Ke6 52. Ke4 Nf6+ 53. Nxf6 Kxf6 54.
Kf3 Kf5 55. Ke3 Kg4 56. Ke4 g5 57. Kxe5 Kh3 58. Ke4 g4 59. Ke3 g3 60. Ke2 Kh2 0-1

[Event "Early-Titled-Tuesday-Blitz-May-28-2024"]
[Site "Chess.com"]
[Date "2024.05.28"]
[Round "5"]
[White "JonasEilenberg"]
[Black "Daaksboy"]
[Result "1/2-1/2"]
[WhiteElo "2603"]
[BlackElo "2467"]
[TimeControl "180+1"]
[EndTime "8:55:43 PDT"]
[Termination "Game drawn by agreement"]

1. d4 Nf6 2. c4 g6 3. Nc3 Bg7 4.
e4 d6 5. h3 O-O 6. Be2 Nbd7 7.
Bg5 c5 8. d5 h6 9. Bh4 a6 10.
a4 Qa5 11. Qd2 Rb8 12. Nf3 b5 13. cxb5 axb5 14. Bxb5 Nxe4 15. Nxe4 Rxb5 16. Qxa5 Rxa5 17. O-O g5 18. Bg3 Bxb2 19. Ra2 Bg7 20. Ned2 Bb7 21. Nc4 Bxd5 22. Nxa5 Bxa2 23. Nc6 Bf6 24. Re1 Re8 25. Bxd6 Be6 26. Bg3 Bd5 27. Nce5 Nxe5 28. Bxe5 Bxe5 29.
Nxe5 c4 30. a5 Ra8 31. Ra1 c3 32. a6 c2 33. a7 Ba2 34. Rc1 Rxa7 35. Rxc2 Be6 1/2-1/2

[Event "Early-Titled-Tuesday-Blitz-May-28-2024"]
[Site "Chess.com"]
[Date "2024.05.28"]
[Round "5"]
[White "ASKA538"]
[Black "AnaKuchava"]
[Result "1-0"]
[WhiteElo "2379"]
[BlackElo "2185"]
[TimeControl "180+1"]
[EndTime "8:55:47 PDT"]
[Termination "ASKA538 won by resignation"]

1. e4 c5 2. d4 cxd4 3. c3 Nf6 4. e5 Nd5 5. Nf3 Nc6 6. cxd4 d6 7. h3 dxe5 8. dxe5 e6 9. Bd3 Bb4+ 10. Bd2 Nf4 11.
Bf1 Nd3+ 12. Bxd3 Qxd3 13. Bxb4 Qe4+ 14. Qe2 Qxb4+ 15. Nc3 O-O 16. O-O Bd7 17. Rfd1 Rfd8 18. a3 Qe7 19. Nb5 Be8 20. Nd6 Rab8 21. Rd2 f6 22.
exf6 Qxf6 23. Rad1 Bg6 24. Qb5 Ne7 25. Ne4 Rxd2 26.
Nxf6+ gxf6 27. Rxd2 Be8 28. Qc5 Nc6 29. Qd6 Rd8 30.
Qxd8 Nxd8 31. Rxd8 Kf7 32. Rb8 Ke7 33. Rxb7+ 1-0

[Event "Early-Titled-Tuesday-Blitz-May-28-2024"]
[Site "Chess.com"]
[Date "2024.05.28"]
[Round "5"]
[White "CrushingKings"]
[Black "Actuary44"]
[Result "0-1"]
[WhiteElo "2594"]
[BlackElo "2474"]
[TimeControl "180+1"]
[EndTime "8:55:49 PDT"]
[Termination "Actuary44 won by resignation"]

1. Nf3 d6 2. d4 Nf6 3. g3 g6 4. b3 Bg7 5. Bb2 O-O 6. Bg2 Nfd7 7. O-O Nc6 8. c4 e5 9. dxe5 Ndxe5 10. Nc3 Be6 11. Qd2 Qd7 12. Ng5 Bg4 13. f4 f6 14.
Nge4 f5 15. Ng5 Nf7 16. Bd5 Nd8 17. Nb5 Bxb2 18. Qxb2 c6 19. Bxf7+ Nxf7 20. Nxf7 Rxf7 21.
Nc3 Re8 22. Rad1 Rfe7 23. Rd2 Re6 24. Rf2 h5 25. Kg2 h4 26. Qc2 hxg3 27. hxg3 Qh7 28. Qd3 Qh3+ 29. Kg1 Re3 0-1

[Event "Early-Titled-Tuesday-Blitz-May-28-2024"]
[Site "Chess.com"]
[Date "2024.05.28"]
[Round "5"]
[White "Mihajlovskij"]
[Black "andbluesky"]
[Result "1-0"]
[WhiteElo "2257"]
[BlackElo "1764"]
[TimeControl "180+1"]
[EndTime "8:55:49 PDT"]
[Termination "Mihajlovskij won by resignation"]

1. e4 e5 2. Nf3 Nc6 3. Bb5 a6 4. Ba4 Nf6 5. O-O Be7 6. Re1 b5 7. Bb3 O-O 8. c3 d5 9. exd5 Nxd5 10. Nxe5 Nxe5 11. Rxe5 c6 12. d4 Bd6 13. Re1 Qh4 14.
g3 Qh3 15. Be3 Bg4 16. Qd3 Rae8 17. Nd2 Kh8 18. a4 f5 19. Bxd5 cxd5 20. f4 h5 21.
axb5 axb5 22. Ra6 Bc7 23. Qxb5 h4 24. Qf1 hxg3 25. Qxh3+ Bxh3 26. hxg3 Bg4 27. Kf2 Kg8 28. b4 Ra8 29. Rea1 Rxa6 30. Rxa6 g5 31. Nb3 gxf4 32.
Bxf4 Bxf4 33. gxf4 Re8 34. Nc5 Re2+ 35. Kg3 Re3+ 36.
Kh4 Rh3+ 37. Kg5 Rh5+ 38. Kf6 Rh6+ 39. Ke5 Rh1 40. Kxd5 Bf3+ 41. Kd6 Rh6+ 42. Kc7 Rxa6 43. Nxa6 Kf7 44. b5 Ke7 45. b6 Be4 46. b7 Bxb7 47. Kxb7 1-0

[Event "Early-Titled-Tuesday-Blitz-May-28-2024"]
[Site "Chess.com"]
[Date "2024.05.28"]
[Round "5"]
[White "AlbusSevresPotter"]
[Black "smilingice"]
[Result "1-0"]
[WhiteElo "2554"]
[BlackElo "2380"]
[TimeControl "180+1"]
[EndTime "8:55:51 PDT"]
[Termination "AlbusSevresPotter won by checkmate"]

1. e4 c5 2. Nf3 d6 3. d4 cxd4 4. Nxd4 Nf6 5. Nc3 a6 6. Be3 e5 7. Nb3 Be6 8. f3 Nbd7 9. Qd2 h5 10. Nd5 Bxd5 11. exd5 Be7 12. Be2 Rc8 13. c4 h4 14. Na5 Qc7 15. b4 Nh5 16. O-O f5 17. Rac1 f4 18. Bf2 Ng3 19. Rfd1 e4 20. hxg3 hxg3 21.
Bd4 e3 22. Qd3 Bf6 23. Qe4+ Be5 24. c5 Qd8 25. Qg6+ Kf8 26. Qf5+ Kg8 27. cxd6 Qh4 28. Rxc8+ Nf8 29. Rxf8# 1-0

[Event "Early-Titled-Tuesday-Blitz-May-28-2024"]
[Site "Chess.com"]
[Date "2024.05.28"]
[Round "5"]
[White "aanshnerurkar"]
[Black "luachess1"]
[Result "1-0"]
[WhiteElo "2487"]
[BlackElo "1731"]
[TimeControl "180+1"]
[EndTime "8:55:51 PDT"]
[Termination "aanshnerurkar won on time"]

1. e4 c5 2. Nf3 e6 3. g3 Nc6 4. Bg2 d6 5. O-O Nf6 6. Re1 Be7 7. d4 cxd4 8. Nxd4 Qc7 9. c4 a6 10.
Nc3 O-O 11. b3 Rb8 12. a4 Rd8 13. Bb2 Nb4 14. Rc1 b6 15. Qd2 Bb7 16. Ba3 Nc6 17. Nd5 Qd7 18. Nxb6 Qe8 19. Nxc6 Bxc6 20. a5 Nd7 21. Nxd7 Qxd7 22. b4 Qb7 23. Qe2 d5 24.
exd5 1-0

[Event "Early-Titled-Tuesday-Blitz-May-28-2024"]
[Site "Chess.com"]
[Date "2024.05.28"]
[Round "5"]
[White "Bauman_Guy"]
[Black "Kacparov"]
[Result "0-1"]
[WhiteElo "2923"]
[BlackElo "2935"]
[TimeControl "180+1"]
[EndTime "8:55:52 PDT"]
[Termination "Kacparov won by resignation"]

1. e4 c5 2. Nf3 e6 3. d4 cxd4 4.
Nxd4 Nc6 5. Nc3 Qc7 6. Nxc6 bxc6 7. Bd3 d5 8. Qe2 Nf6 9. exd5 cxd5 10. Nb5 Qb8 11. g3 Bd6 12. Nxd6+ Qxd6 13. Bf4 Qe7 14. O-O O-O 15. c3 Bb7 16. Rae1 d4 17. cxd4 Nd5 18.
Bd2 Qd7 19. Qh5 Nf6 20. Qe5 Rfd8 21. Be3 Qc6 22. f3 Rd5 23. Qf4 Qb6 24. b3 h6 25.
Bf2 Rad8 26. Bc4 Rf5 27. d5 Qa5 28. Qd4 Bxd5 29. Qxa7 Qd2 30. Re2 Qg5 31. Be3 Qh5 32. Qb6 Rf8 33. Bd3 Rxf3 34. Rfe1 Rxg3+ 35. Kf1 Qh3+ 0-1

[Event "Early-Titled-Tuesday-Blitz-May-28-2024"]
[Site "Chess.com"]
[Date "2024.05.28"]
[Round "5"]
[White "Peng_Li-Min"]
[Black "LLariMarc"]
[Result "0-1"]
[WhiteElo "2761"]
[BlackElo "2505"]
[TimeControl "180+1"]
[EndTime "8:55:53 PDT"]
[Termination "LLariMarc won by checkmate"]

1. e4 e6 2. d4 d5 3. exd5 exd5 4. Nf3 Nf6 5. Bd3 Bd6 6. O-O O-O 7. Bg5 Bg4 8. Nbd2 Nbd7 9. c4 c6 10. c5 Bc7 11. Qc2 h6 12. Bh4 Re8 13. Rfe1 Rxe1+ 14. Rxe1 Qf8 15. Bg3 Bxg3 16. hxg3 Re8 17. Qc1 Bxf3 18. gxf3 Rxe1+ 19. Qxe1 Qe8 20. Qd1 g6 21. Kg2 Kg7 22. b4 a6 23. a4 h5 24. Nb3 h4 25. Na5 hxg3 26. fxg3 Qe3 27. Bf1 Qc3 28. Nxb7 Qxb4 29. Nd6 a5 30. g4 Qc3 31. Qe2 Qxd4 32. Qe7 Ne5 33. g5 Nh5 34. Ne8+ Kh7 35. Nf6+ Nxf6 36. Qxf6 Qd2+ 37. Kh1 Qe1 38. Kg2 d4 39. f4 Qe4+ 40. Kg1 Nf3+ 41. Kf2 Qe3+ 42. Kg2 Ne1+ 43. Kh2 Qf2+ 44.
Kh3 Qxf1+ 45. Kg4 Qf3+ 46. Kh4 Ng2# 0-1

[Event "Early-Titled-Tuesday-Blitz-May-28-2024"]
[Site "Chess.com"]
[Date "2024.05.28"]
[Round "5"]
[White "dinushkipremanath"]
[Black "manitodeplomo"]
[Result "0-1"]
[WhiteElo "2325"]
[BlackElo "2556"]
[TimeControl "180+1"]
[EndTime "8:55:53 PDT"]
[Termination "manitodeplomo won by resignation"]

1. d4 c5 2. Nf3 cxd4 3. Nxd4 Nc6 4. c4 g6 5. Nc3 Bg7 6. Nxc6 bxc6 7. e4 d6 8. h3 Nf6 9. Bd3 O-O 10. O-O a5 11. Bd2 Nd7 12. Rb1 Nc5 13. Bc2 Ba6 14. b3 Ne6 15. Ne2 c5 16. Bc3 Bxc3 17. Nxc3 Nd4 18. Ne2 e5 19. Nxd4 cxd4 20. Bd3 Qg5 21. Qe2 Bb7 22.
Rfc1 Bc8 23. Kh2 Be6 24. c5 dxc5 25. Rxc5 Rfc8 26. Rbc1 Qxc1 27. Rxc1 Rxc1 28. Bc4 Bxc4 29. bxc4 Rc8 30. Qd2 R1xc4 31. Qxa5 d3 32. Qxe5 Rd8 33. Qf6 Rcc8 34. e5 Re8 35. Qg5 Rcd8 36. e6 fxe6 37. Qd2 e5 38. f3 e4 39. fxe4 Rxe4 40. Kg3 Re2 41. Qd1 d2 42. Kf3 Re1 43. Qb3+ Kg7 44. Qb2+ Kh6 45. Kg3 d1=Q 46. Qf6 Qd6+ 47. Qxd6 Rxd6 0-1

[Event "Early-Titled-Tuesday-Blitz-May-28-2024"]
[Site "Chess.com"]
[Date "2024.05.28"]
[Round "5"]
[White "GOGIEFF"]
[Black "Yaacovn"]
[Result "1/2-1/2"]
[WhiteElo "3014"]
[BlackElo "2877"]
[TimeControl "180+1"]
[EndTime "8:55:54 PDT"]
[Termination "Game drawn by repetition"]

1. d4 Nf6 2. c4 e5 3. dxe5 Ne4 4.
Nf3 Nc6 5. e3 d6 6. Bd3 Nc5 7.
Bc2 Nxe5 8. Nxe5 dxe5 9. Qxd8+ Kxd8 10. Nc3 c6 11. b3 Kc7 12. Bb2 f6 13. O-O-O Bg4 14.
f3 Bh5 15. b4 Nd7 16. c5 Bg6 17. Bb3 Be7 18. Rd2 a5 19. Rhd1 Rhd8 20. Na4 axb4 21.
Rxd7+ Rxd7 22. Rxd7+ Kxd7 23. Nb6+ Kd8 24. Nxa8 Bxc5 25.
Be6 Bxe3+ 26. Kd1 Bc5 27. Ke2 Be8 28. Kd3 Bd7 29. Kc4 b6 30. Bxd7 Kxd7 31. Nxb6+ Bxb6 32. Kxb4 h5 33. Kc4 Ke6 34. a4 f5 35. Bc3 g6 36. a5 Bg1 37. h3 Kd6 38. a6 Bb6 39.
Bb2 e4 40. fxe4 fxe4 41. Bc1 Kc7 42. Bf4+ Kc8 43. Be5 Bf2 44. Bf4 Bb6 45. Be5 Bf2 46. Bf4 Bb6 1/2-1/2

[Event "Early-Titled-Tuesday-Blitz-May-28-2024"]
[Site "Chess.com"]
[Date "2024.05.28"]
[Round "5"]
[White "ATM622"]
[Black "emeli_chess"]
[Result "1-0"]
[WhiteElo "2575"]
[BlackElo "2427"]
[TimeControl "180+1"]
[EndTime "8:55:54 PDT"]
[Termination "ATM622 won by resignation"]

1. d4 Nf6 2. c4 e6 3. g3 d5 4. Bg2 dxc4 5. Nf3 Nc6 6. Qa4 Bb4+ 7.
Bd2 Bd6 8. Qxc4 O-O 9. O-O e5 10.
dxe5 Nxe5 11. Nxe5 Bxe5 12. Bc3 Bxc3 13. Nxc3 c6 14.
e4 Be6 15. Qe2 Qb6 16. Rfd1 Rfd8 17. e5 Nd5 18. Ne4 Rd7 19. Kh1 Rad8 20. Nd6 f6 21. Nc4 Qc5 22. exf6 Nf4 23. Rxd7 Nxe2 24. Rxd8+ Kf7 25.
Nd6+ Kg6 26. Be4+ Kh5 27. Bf3+ Bg4 28. Bxg4+ Kxg4 29. f3+ Kh3 30. Ne4 Qe3 31. Rf1 gxf6 32. Nf2+ 1-0

[Event "Early-Titled-Tuesday-Blitz-May-28-2024"]
[Site "Chess.com"]
[Date "2024.05.28"]
[Round "5"]
[White "ailime26"]
[Black "Gumugama"]
[Result "1-0"]
[WhiteElo "2151"]
[BlackElo "2314"]
[TimeControl "180+1"]
[EndTime "8:55:54 PDT"]
[Termination "ailime26 won on time"]

1. d4 Nf6 2. Nf3 g6 3. e3 Bg7 4. c4 O-O 5. b3 c5 6. Bb2 Ne4 7. Bd3 d5 8. O-O Nc6 9. Nbd2 Nxd2 10.
Qxd2 dxc4 11. Bxc4 cxd4 12. Nxd4 Nxd4 13. Bxd4 Bxd4 14.
exd4 b6 15. Rfe1 Bb7 16. Qg5 e6 17. Qf4 Rc8 18. Rad1 Qc7 19. Qf6 Qc6 20. f3 Rfe8 21. Re4 b5 22. Bd3 Qb6 23. Rf4 Rc7 24. Rh4 Rd7 25.
Bf1 Qd8 26. Qf4 e5 27. Qh6 f6 28. Bxb5 Ree7 29. Bxd7 Rxd7 30. Qe3 Qb6 31. Qc3 1-0

[Event "Early-Titled-Tuesday-Blitz-May-28-2024"]
[Site "Chess.com"]
[Date "2024.05.28"]
[Round "5"]
[White "Pitomina"]
[Black "Sofia_Blokhin"]
[Result "1-0"]
[WhiteElo "2496"]
[BlackElo "2270"]
[TimeControl "180+1"]
[EndTime "8:55:59 PDT"]
[Termination "Pitomina won on time"]

1. g4 d5 2. Bg2 e6 3. h3 c6 4. d3 Bd6 5. Nd2 Nf6 6. e4 Qc7 7. Qe2 O-O 8. Ngf3 e5 9. Nb3 Re8 10. Bg5 Nfd7 11. O-O f6 12. Bh4 Nf8 13. Bg3 Ne6 14.
Qe3 Nd7 15. Nh4 Nf4 16. Nf5 Nxg2 17. Kxg2 Bf8 18. exd5 cxd5 19. Qf3 Nb6 20. c3 g6 21. Ne3 Qd6 22. d4 Bg7 23. Rad1 Be6 24. Nc5 Bf7 25.
Nxb7 Qe7 26. Nc5 e4 27. Qf4 Rad8 28. Qc7 Qf8 29. Qxa7 Nc8 30. Qa6 Nd6 31. Bxd6 Rxd6 32. Qe2 f5 33. f4 fxg4 34. Nxg4 h5 35. Ne5 Bxe5 36. fxe5 Rb6 37. Rf2 Qe7 38. Rdf1 Be6 39. b4 g5 40. Qe3 g4 41. Rf6 gxh3+ 42. Kh2 Kh8 43. Qh6+ Qh7 44. Rf8+ Rxf8 45. Rxf8+ Bg8 46.
Qxb6 Qg7 47. Qf6 h4 48. Qxg7+ Kxg7 49. Rf4 1-0

[Event "Early-Titled-Tuesday-Blitz-May-28-2024"]
[Site "Chess.com"]
[Date "2024.05.28"]
[Round "5"]
[White "Eloist"]
[Black "Shuvalov"]
[Result "0-1"]
[WhiteElo "2431"]
[BlackElo "2583"]
[TimeControl "180+1"]
[EndTime "8:56:00 PDT"]
[Termination "Shuvalov won by resignation"]

1. e4 e6 2. d4 d5 3. Nd2 c5 4. exd5 exd5 5. Ngf3 Nc6 6. Bb5 Qe7+ 7. Qe2 Qxe2+ 8.
Kxe2 a6 9. Bxc6+ bxc6 10. Re1 f6 11. Kf1+ Kf7 12. dxc5 Bxc5 13. Nb3 Bd6 14. Be3 Rb8 15. Rab1 Bg4 16. Nfd4 Bd7 17. Nf3 Bg4 18. Nfd4 Ne7 19. h3 Bd7 20. Nf3 Nf5 21. Bc5 Rhe8 22. Bxd6 Nxd6 23. Nc5 Rxe1+ 24. Kxe1 Bc8 25. Nd4 Rb6 26.
c3 a5 27. Na4 Ra6 28. Nc5 Rb6 29. Na4 Ra6 30. Kd2 Ne4+ 31. Ke3 c5 32. Nb3 Re6 33. Rc1 Nxc3+ 34. Kd2 Nxa4 0-1

[Event "Early-Titled-Tuesday-Blitz-May-28-2024"]
[Site "Chess.com"]
[Date "2024.05.28"]
[Round "5"]
[White "linesman39"]
[Black "Omranalhosani21"]
[Result "1-0"]
[WhiteElo "2294"]
[BlackElo "2538"]
[TimeControl "180+1"]
[EndTime "8:56:00 PDT"]
[Termination "linesman39 won by resignation"]

1. d4 Nf6 2. c4 g6 3. Nc3 d5 4. Nf3 Bg7 5. Bg5 O-O 6. e3 Ne4 7. cxd5 Nxg5 8. Nxg5 e6 9. Nf3 exd5 10. b4 c6 11. a4 a5 12. b5 c5 13. Rc1 c4 14.
Be2 Re8 15. O-O Bf5 16. h3 Bf8 17. Nh2 Ba3 18. Bf3 Bxc1 19. Qxc1 Be6 20. e4 Nd7 21. exd5 Bf5 22. Ng4 Bxg4 23. hxg4 Qf6 24. Qd2 Qh4 25.
g3 Qh3 26. Qf4 Kg7 27. Bg2 Qh6 28. g5 Qh5 29. Bf3 Qh3 30. Bg4 Qxf1+ 31. Kxf1 f5 32. gxf6+ Nxf6 33. Be6 Rf8 34. Qc7+ Kh8 35. d6 Nh5 36. d7 Ng7 37. Qe5 h6 38. d5 Rad8 39. Ne4 Kh7 40. Nf6+ Kh8 41. Ne8 Rfxe8 42. dxe8=Q+ Rxe8 43. Qf6 Kh7 44. Bf7 Rf8 45. Qxg6+ 1-0